 Dungeon Sprint DCSS version 0.27-a0-1193-g8631133539 (webtiles) character file.

Game seed: 13002072817072231124

37 Zeld the Changer (level 3, -11/26 HPs)
             Began as an Octopode Transmuter on May 27, 2021.
             Was an Initiate of Sif Muna.
             Mangled by an air elemental (13 damage)
             ... in the Dungeon (Sprint V: "Ziggurat Sprint").
             The game lasted 00:01:13 (304 turns).

Zeld the Changer (Octopode Transmuter)               Turns: 304, Time: 00:01:13

Health: -11/26     AC:  1    Str: 22    XL:     3   Next: 41%
Magic:  9/9        EV: 14    Int: 27    God:    Sif Muna [......]
Gold:   0          SH:  0    Dex: 12    Spells: 5/11 levels left

rFire    . . .     SeeInvis .     - Unarmed
rCold    . . .     Faith    .   (no shield)
rNeg     . . .     Spirit   .   (helmet restricted)
rPois    .         Reflect  .   (no amulet)
rElec    .         Harm     .   y - +6 ring of strength
rCorr    .         Rampage  .   x - +6 ring of strength
Will     .....     NoTele   +   w - +6 ring of intelligence
Stlth    ++........             v - +6 ring of intelligence
HPRegen  0.08/turn              (no ring)
MPRegen  0.11/turn              (no ring)
                                (no ring)
                                (no ring)

@: flying (expiring)
A: almost no armour, amphibious, 8 rings, camouflage 1, gelatinous body 1,
(nimble swimmer 1), tentacles
a: Renounce Religion


You were in the Dungeon.
You worshipped Sif Muna.
Sif Muna was noncommittal.
You visited 1 branch

Inventory:

Jewellery
 v - a +6 ring of intelligence (on tentacle)
 w - a +6 ring of intelligence (on tentacle)
 x - a +6 ring of strength (right tentacle)
 y - a +6 ring of strength (left tentacle)
Wands
 q - a wand of mindburst (7)
 r - a wand of iceblast (5)
 s - a wand of acid (7)
Scrolls
 g - 4 scrolls of blinking
 l - 4 scrolls of amnesia
 m - 7 scrolls of fog
 n - a scroll of holy word
 o - 5 scrolls of identify
 p - 2 scrolls of fear
Potions
 a - 2 potions of brilliance
 b - 10 potions of curing
 c - 10 potions of heal wounds
 d - 6 potions of haste
 e - 7 potions of magic
 f - 3 potions of berserk rage
 h - 2 potions of invisibility
 i - 4 potions of resistance
 k - 5 potions of might
Miscellaneous
 j - a piece from Xom's chessboard (15/15)
 z - a lightning rod (3/4)


   Skills:
 + Level 3.3 Fighting
 + Level 3.8 Dodging
 - Level 3.0 Unarmed Combat
 * Level 4.7 Spellcasting
 * Level 5.1 Transmutations
 * Level 2.0 Invocations


You had 5 spell levels left.
You knew the following spells:

 Your Spells              Type           Power      Damage    Failure   Level
a - Beastly Appendage     Tmut           68%        N/A       1%          1
b - Wereblood             Tmut           34%        N/A       1%          2
c - Spider Form           Tmut/Pois      10%        N/A       8%          3

Your spell library contained the following spells:

 Spells                   Type           Power      Damage    Failure   Level
 Ice Form                 Ice/Tmut       20%        N/A       26%         4
 Hydra Form               Tmut           17%        N/A       26%         5


Dungeon Overview and Level Annotations

Branches:
Dungeon (1/1)

Altars:
Ashenzari
Cheibriados
Dithmenos
Elyvilon
Fedhas
Gozag
Hepliaklqana
Kikubaaqudgha
Makhleb
Nemelex Xobeh
Okawaru
Qazlal
Ru
Sif Muna
Trog
Uskayaw
Vehumet
Wu Jian
Xom
Yredelemnul
Zin
The Shining One
Beogh
Jiyva
Lugonu

Annotations:
D 1 transporter


Innate Abilities, Weirdness & Mutations

You cannot wear most types of armour.
You are amphibious.
You can wear up to eight rings at the same time.
Your skin changes colour to match your surroundings (Stealth+).
Your rubbery body absorbs attacks. (AC +1, EV +1)
((You are camouflaged near water. (Stealth+)))
You have tentacles for arms and can constrict up to eight enemies at once.


Message History

The iceblast engulfs the air elemental.
The air elemental is lightly damaged.
The iceblast engulfs the air elemental!
The air elemental is heavily damaged.
A vortex of raging winds appears around the air elemental! x3
Aiming: Iceblast
Press: ? - help, Shift-Dir - straight line, f/p - air elemental
Aim: an air elemental (heavily damaged)
The mass of ice explodes!
The iceblast engulfs the air elemental!
The air elemental is severely damaged.
The iceblast engulfs the air elemental!
The air elemental is heavily damaged.
The iceblast engulfs the air elemental!
The air elemental is almost destroyed.
The vortex of raging winds lifts you up.
You fly up into the air.
Unknown command.
Aiming: Iceblast
Press: ? - help, Shift-Dir - straight line, f/p - air elemental
Aim: an air elemental (raging winds, severely damaged)
Okay, then.
Okay, then.
Blink to where?
Press: ? - help, Dir - move target, p - air elemental Really blink into that cloud of raging winds?
Okay, then.
Blink to where?
Press: ? - help, Dir - move target, f - you
Okay, then.
Aiming: Thunderbolt
Press: ? - help, Shift-Dir - straight line, f - air elemental
Aim: an air elemental (raging winds, heavily damaged)
The thunderbolt hits the air elemental.
The air elemental completely resists.
The air elemental is severely damaged.
The thunderbolt hits the air elemental.
The air elemental completely resists.
The air elemental is heavily damaged.
* * * LOW HITPOINT WARNING * * *
The air elemental hits you!
Ouch! That really hurt!
You die...

▓▓▓▓▓▓▓▓▓▓▓▓▓
▓§8§8§▓.8©8.▓
▓§§§§§▓.....▓
▓§§§§§▓...).▓
▓§§§§§▓.....▓
▓§EE@§▓.....▓
▓§§E§§▓..©..▓
▓§§§§§▓▓▓▓▓▓▓
▓▓▓▓▓▓▓


You could see 3 air elementals.

Vanquished Creatures
  A jelly (D)
  An endoplasm (D)
2 creatures vanquished.

Notes
Turn   | Place    | Note
-------+----------+-------------------------------------------
     0 | D        | Zeld the Octopode Transmuter began the quest for the Orb.
     0 | D        | Reached XP level 1. HP: 13/13 MP: 3/3
     0 | D        | Found a shimmering blue altar of Sif Muna.
     0 | D        | Found a bloodstained altar of Trog.
     0 | D        | Found a sacrificial altar of Ru.
     0 | D        | Found a stormy altar of Qazlal.
     0 | D        | Found an iron altar of Okawaru.
     1 | D        | Found a sparkling altar of Nemelex Xobeh.
     1 | D        | Found a blossoming altar of Fedhas.
     2 | D        | Found the +6 Majin-Bo {vamp, MP+6 Int+6}
     2 | D        | Found the +9 heavy crossbow "Sniper" {vorpal, Acc+∞ SInv}
     2 | D        | Found the +10 dark maul {vorpal}
     2 | D        | Found the +15 Maxwell's patent armour {-Cast -Tele rElec
                  | Will+ rCorr}
     2 | D        | Found the +18 shield of the Gong {rElec rN+ Will+ EV-5}
     2 | D        | Found the +14 obsidian axe {vorpal, Drain Fly SInv}
     2 | D        | Found the +7 great mace "Firestarter" {inner flame, rF++}
     2 | D        | Found the +6 shillelagh "Devastator" {shatter}
     2 | D        | Found the +11 plutonium sword {Contam Stlth-}
     2 | D        | Found the +8 lance "Wyrmbane" {slay drac, rPois rF+ rC+
                  | AC+3}
     2 | D        | Found the +9 sword of Zonguldrok {reap}
     2 | D        | Found the +13 scythe of Curses {drain, Drain}
     2 | D        | Found the +5 sword of Power {vorpal}
     2 | D        | Found the +7 mace of Variability {chain chaos}
     2 | D        | Found the +7 Singing Sword {vorpal, sonic wave}
     2 | D        | Found the +8 storm bow {elec, penet}
     3 | D        | Found a transporter.
     3 | D        | Found an ancient bone altar of Kikubaaqudgha.
     3 | D        | Found a viscous altar of Jiyva.
     3 | D        | Found a corrupted altar of Lugonu.
     3 | D        | Found a hazy altar of Hepliaklqana.
     3 | D        | Found a burning altar of Makhleb.
     3 | D        | Found an opulent altar of Gozag.
    19 | D        | Reached skill level 4 in Transmutations
    19 | D        | Reached XP level 2. HP: 21/21 MP: 4/7
    32 | D        | Became a worshipper of Sif Muna the Loreminder
    36 | D        | Learned a level 2 spell: Wereblood
   157 | D        | Entered arena 2.
   157 | D        | Found a transporter.
   165 | D        | Reached skill level 5 in Transmutations
   165 | D        | Reached XP level 3. HP: 15/26 MP: 5/9
   169 | D        | Learned a level 3 spell: Spider Form
   301 | D        | Entered arena 3.
   301 | D        | Noticed an air elemental
   301 | D        | Noticed an air elemental
   301 | D        | Noticed an air elemental
   301 | D        | Found a transporter.
   304 | D        | Mangled by an air elemental

Illustrated notes

Levels and vault maps discovered:
D:        sprint_v [room_start, room_1, room_2, room_3, room_4, room_5, room_6,
          room_7, room_8, room_9, room_10, room_11, room_12, room_13, room_14,
          room_15, room_16, room_17, room_18, room_19, room_20, room_21,
          room_22, room_23, room_24, room_25, room_26, room_27]

Skill      XL: |  1  2 |
---------------+-------+-----
Fighting       | 3 |  3.3
Dodging        | 3 |  3.8
Spellcasting   | 4 |  4.7
Transmutations | 4 5 |  5.1
Invocations    | 2 |  2.0
Unarmed Combat | |  3.0

Action                   || total
-------------------------++-------
Melee: Unarmed           ||     3
       Kick              ||     2
 Cast: Beastly Appendage ||     3
Evoke: Wand              ||     2
       Lightning rod     ||     1
  Use: Potion            ||     1
Armor: Skin              ||     1
Dodge: Dodged            ||     1

Table legend: (Time is in decaauts)
 A = Elapsed time spent in this place.
 B = Non-inter-level travel time spent in this place.
 C = Inter-level travel time spent in this place.
 D = Time resting spent in this place.
 E = Time spent auto-exploring this place.
 F = Levels seen in this place.
 G = Mean time per level.
                   A        B        C        D        E       F      G
               +--------+--------+--------+--------+--------+-----+--------+
         Total |    301 |    287 |     14 |    201 |     13 |   1 |  301.0 |
       Dungeon |    301 |    287 |     14 |    201 |     13 |   1 |  301.0 |
               +--------+--------+--------+--------+--------+-----+--------+

Top non-repeatable levels by time:
       D: 301 daAuts
